 Dungeon Crawl Stone Soup version 0.27.1-4-g1640c2035a (webtiles) character file.

Game seed: 2896996878849623459

11228 Eitelfritz the Zephyrmancer (level 11, -16/61 HPs)
             Began as a Tengu Air Elementalist on Nov 1, 2021.
             Was a Priest of Vehumet.
             Killed from afar by a guardian serpent (23 damage)
             ... with a bolt of poison
             ... on level 11 of the Dungeon.
             The game lasted 00:59:29 (14089 turns).

Eitelfritz the Zephyrmancer (TeAE)                 Turns: 14089, Time: 00:59:31

Health: -16/61     AC:  8    Str: 10    XL:     11   Next: 74%
Magic:  14/24      EV: 17    Int: 24    God:    Vehumet [***...]
Gold:   547        SH:  0    Dex: 14    Spells: 9/27 levels left

rFire    . . .     SeeInvis +   a - +0 glaive (freeze)
rCold    . . .     Faith    .   (shield currently unavailable)
rNeg     . . .     Spirit   .   j - +0 steam dragon scales
rPois    .         Reflect  .   c - +0 hat
rElec    .         Harm     .   g - +2 cloak
rCorr    .         Rampage  .   (no gloves)
Will     .....                  (boots unavailable)
Stlth    +++.......             w - amulet of regeneration
HPRegen  1.20/turn              h - ring of see invisible
MPRegen  0.19/turn              i - +6 ring of intelligence

@: lethally poisoned (-16 -> -31), flying quickly and evasively, quick
A: beak, talons 3, nimble flight
a: Renounce Religion


You were on level 11 of the Dungeon.
You worshipped Vehumet.
Vehumet was most pleased with you.
You visited 2 branches of the dungeon, and saw 12 of its levels.

You collected 638 gold pieces.
You spent 91 gold pieces at shops.

Inventory:

Hand Weapons
 a - a +0 glaive of freezing (weapon)
 b - a +3 trident
Missiles
 k - a throwing net
 o - 6 curare-tipped darts
 r - 7 boomerangs of dispersal
Armour
 c - a +0 hat (worn)
 g - a +2 cloak (worn)
 j - +0 steam dragon scales (worn)
Jewellery
 f - an amulet of guardian spirit
 h - a ring of see invisible (left hand)
 i - a +6 ring of intelligence (right hand)
 p - a +4 ring of protection
 u - a ring of protection from fire
 w - an amulet of regeneration (around neck)
Wands
 e - a wand of iceblast (7)
 n - a wand of paralysis (4)
 A - a wand of flame (20)
Scrolls
 q - 5 scrolls of teleportation
 y - a scroll of amnesia
 C - a scroll of holy word
Potions
 d - 3 potions of invisibility
 m - 6 potions of curing
 s - 3 potions of brilliance
 t - a potion of haste
 v - 2 potions of might
 z - a potion of experience {unknown}
 B - a potion of magic {unknown}


   Skills:
 + Level 4.2 Fighting
 + Level 8.4 Polearms
 + Level 2.9 Armour
 + Level 5.9 Dodging
 + Level 4.0 Stealth
 + Level 8.9 Spellcasting
 + Level 9.8 Conjurations
 + Level 2.5 Fire Magic
 + Level 10.8 Air Magic


You had 9 spell levels left.
You knew the following spells:

 Your Spells              Type           Power      Damage    Failure   Level
a - Shock                 Conj/Air       100%       1d9       1%          1
b - Static Discharge      Conj/Air       57%        N/A       1%          2
c - Swiftness             Air            58%        N/A       1%          3
d - Conjure Flame         Conj/Fire      40%        6-21      1%          3
e - Airstrike             Air            29%        N/A       1%          4
f - Sticky Flame          Conj/Fire      40%        2d6       1%          4
g - Foxfire               Conj/Fire      100%       2x1d9     1%          1

Your spell library contained the following spells:

 Spells                   Type           Power      Damage    Failure   Level
 Frozen Ramparts          Ice            20%        1d4       5%          3
 Dazzling Flash           Conj/Hex       68%        N/A       1%          3
 Iskenderun's Mystic Bla  Conj/Tloc      34%        2d8       2%          4
 Ignite Poison            Fire/Tmut/Pois 14%        N/A       3%          3
 Inner Flame              Hex/Fire       16%        N/A       3%          3
 Ensorcelled Hibernation  Hex/Ice        20%        N/A       9%          2
 Spider Form              Tmut/Pois      5%         N/A       19%         3
 Starburst                Conj/Fire      20%        6d7       19%         6
 Cause Fear               Hex            5%         N/A       52%         4
 Dispel Undead            Necr           10%        3d9       52%         4
 Shadow Creatures         Summ           N/A        N/A       100%        6
 Discord                  Hex            5%         N/A       100%        8


Dungeon Overview and Level Annotations

Branches:
Dungeon (11/15)            Temple (1/1) D:4            Lair (0/6) D:8
    Orc (0/2) D:10

Altars:
Ashenzari
Cheibriados
Dithmenos
Elyvilon
Fedhas
Gozag
Hepliaklqana
Kikubaaqudgha
Makhleb
Nemelex Xobeh
Okawaru
Qazlal
Ru
Sif Muna
Trog
Uskayaw
Vehumet
Wu Jian
Xom
Yredelemnul
Zin
The Shining One

Shops:
D:4 (   D:8 :

Annotations:
D:2 1 runed translucent door, Crazy Yiuf


Innate Abilities, Weirdness & Mutations

You have a beak for a mouth.
You have claws for feet.
Your magical nature lets you fly swiftly and evasively.


Message History

The guardian serpent burns!
The guardian serpent stops burning.
The guardian serpent casts a spell at you.
You resist with some effort.
Casting: Sticky Flame (dangerous; 1% risk of failure)
Confirm with . or Enter, or press ? or * to list all spells.
Aiming: Shock (safe; 1% risk of failure)
Press: ? - help, Shift-Dir - straight line, f/p - guardian serpent
Aim: a guardian serpent (heavily wounded, 60% to hit)
The zap hits the guardian serpent but does no damage.
The guardian serpent is heavily wounded.
The guardian serpent coils itself and waves its upper body at you.
The bolt of poison hits you!
You are poisoned.
Casting: Shock (safe; 1% risk of failure)
Confirm with . or Enter, or press ? or * to list all spells.
Aiming: Sticky Flame (dangerous; 1% risk of failure)
Press: ? - help, Shift-Dir - straight line, f/p - guardian serpent
Aim: a guardian serpent (heavily wounded, 100% to hit)
The sticky flame hits the guardian serpent but does no damage.
The guardian serpent is heavily wounded.
The guardian serpent is covered in liquid flames!
You feel very sick.
The guardian serpent burns!
The guardian serpent closely misses you.
You feel very sick. The guardian serpent hits you!
You feel sick.
The guardian serpent burns!
You feel sick.
The guardian serpent burns!
You feel sick.
The guardian serpent burns!
The guardian serpent coils itself and waves its upper body at you.
The bolt of poison hits you!!
You are more poisoned.
* * * LOW HITPOINT WARNING * * *
* * * LOW HITPOINT WARNING * * *
You feel very sick.
The guardian serpent burns!
The guardian serpent stops burning.
The guardian serpent coils itself and waves its upper body at you.
The bolt of poison hits you!!
You are lethally poisoned!
You die...

#.####...##.#
#.#
.....#.(#...##.#
#.#
####.#..#._....#
#.#
#.#.(#....###
#.# #.####....#
#.# #.......#.#
#.# ###...#...#
#.# #.......#
#.# #######@#
#.# #.# ###.#
#S# #...# #.#
#.### #.# #.#
#.# #.# #.#
###.# #.# #...#
#.?###.# #.###


You could see a guardian serpent and 2 dancing weapons.

Vanquished Creatures
  A two-headed ogre (D:10)
  Pikel (D:9)
  Maggie (D:8)
  Grum (D:10)
  28 yaks
  3 wargs (D:10)
  2 water moccasins
  4 black bears
  2 orc warriors
  2 sky beasts (D:6)
  4 necrophages
  4 wolves (D:10)
  A hornet zombie (D:7)
  2 centaurs
  A kobold brigand (D:9)
  5 bullfrogs
  3 scorpions
  2 water moccasin zombies (D:6)
  A water moccasin skeleton (D:7)
  16 killer bees
  4 wights
  A howler monkey (D:4)
  2 electric eels (D:9)
  A bullfrog zombie (D:6)
  5 centaur zombies
  2 hounds
  3 jellies
  4 bullfrog skeletons
  6 orc priests
  A centaur skeleton (D:5)
  3 gnoll shamans
  Terence (D:2)
  3 iguanas
  9 orc wizards
  2 hound skeletons
  A howler monkey skeleton (D:5)
  2 howler monkey zombies
  16 gnolls
  9 adders
  A shadow imp (D:7)
  An ufetubus (D:6)
  An adder skeleton (D:4)
  5 dart slugs
  37 orcs
  10 ball pythons
  4 bats
  3 endoplasms
  2 giant cockroaches
  3 goblins
  5 hobgoblins
  3 jackals (D:3)
  17 kobolds
  2 quokkas
  3 frilled lizards
  4 rats
260 creatures vanquished.

Vanquished Creatures (others)
  A wizard (D:6)
  13 foxfires (D:9)
  7 withered plants (D:10)
21 creatures vanquished.

Grand Total: 281 creatures vanquished

Notes
Turn   | Place    | Note
-------+----------+-------------------------------------------
     0 | D:1      | Eitelfritz the Tengu Air Elementalist began the quest for
                  | the Orb.
     0 | D:1      | Reached XP level 1. HP: 10/10 MP: 4/4
    86 | D:1      | Found a faded altar of an unknown god.
   182 | D:1      | Reached XP level 2. HP: 9/15 MP: 0/6
   932 | D:2      | Reached XP level 3. HP: 19/19 MP: 1/7
  1582 | D:2      | Reached skill level 5 in Air Magic
  1582 | D:2      | Reached XP level 4. HP: 24/24 MP: 4/9
  1585 | D:2      | Learned a level 2 spell: Static Discharge
  1589 | D:2      | Learned a level 3 spell: Swiftness
  1899 | D:2      | Noticed Terence
  1967 | D:2      | Found a runed translucent door.
  1968 | D:2      | Noticed Crazy Yiuf
  2015 | D:2      | Killed Terence
  2228 | D:3      | Found a shadowy altar of Dithmenos.
  2569 | D:3      | Found an iron altar of Okawaru.
  2926 | D:4      | Gained mutation: Your magical nature lets you fly swiftly
                  | and evasively. [Tengu growth]
  2926 | D:4      | Reached XP level 5. HP: 28/28 MP: 7/10
  2935 | D:4      | Reached skill level 1 in Polearms
  3090 | D:4      | Found Noecu's Weapon Shop.
  3094 | D:4      | Bought a +0 glaive for 91 gold pieces
  3243 | D:4      | Reached XP level 6. HP: 32/32 MP: 5/12
  3314 | D:4      | Learned a level 3 spell: Conjure Flame
  3337 | D:4      | Reached skill level 6 in Air Magic
  3943 | D:4      | Reached XP level 7. HP: 37/37 MP: 8/14
  4296 | D:4      | Found a staircase to the Ecumenical Temple.
  4302 | D:4      | Learned a level 4 spell: Airstrike
  4307 | Temple   | Entered the Ecumenical Temple
  5045 | D:4      | Reached skill level 1 in Fighting
  5120 | D:5      | Entered Level 5 of the Dungeon
  5177 | D:5      | Reached skill level 7 in Air Magic
  5665 | D:5      | Reached XP level 8. HP: 43/43 MP: 12/16
  5709 | D:5      | Reached skill level 5 in Conjurations
  5714 | D:5      | Reached skill level 5 in Spellcasting
  6450 | D:5      | Reached skill level 8 in Air Magic
  7106 | D:6      | Noticed a cyclops
  7156 | D:6      | Reached XP level 9. HP: 34/48 MP: 13/18
  7349 | D:6      | Reached skill level 1 in Armour
  7366 | D:6      | Learned a level 4 spell: Sticky Flame
  8265 | D:6      | Found a glowing golden altar of the Shining One.
  8293 | D:6      | Found a hazy altar of Hepliaklqana.
  8764 | D:6      | Found a bloodstained altar of Trog.
  8765 | D:6      | Noticed a wizard
  8770 | D:6      | Killed a wizard
  9175 | D:7      | Found a radiant altar of Vehumet.
  9180 | D:7      | Became a worshipper of Vehumet
  9266 | D:7      | Reached skill level 9 in Air Magic
  9397 | D:7      | Identified the +1 scale mail "Jytae" {rN+++ Will- Int-5
                  | SInv}
  9460 | D:7      | Identified the +0 leather armour "Fahoim" {*Slow Will+
                  | Stlth+}
 10009 | D:8      | Noticed Maggie
 10020 | D:8      | Killed Maggie
 10350 | D:8      | Reached XP level 10. HP: 48/56 MP: 15/21
 10437 | D:8      | Found a staircase to the Lair.
 10487 | D:8      | Reached skill level 5 in Polearms
 10592 | D:8      | Found a white marble altar of Elyvilon.
 10613 | D:8      | Found Ekon's Book Boutique.
 10701 | D:8      | Reached * piety under Vehumet
 10701 | D:8      | Offered knowledge of Foxfire by Vehumet.
 10917 | D:8      | Reached skill level 5 in Dodging
 11245 | D:9      | Learned a level 1 spell: Foxfire
 11331 | D:9      | Noticed Pikel
 11336 | D:9      | Killed Pikel
 11435 | D:9      | Found a basalt altar of Yredelemnul.
 12168 | D:9      | Reached ** piety under Vehumet
 12169 | D:9      | Reached skill level 1 in Fire Magic
 12179 | D:9      | Offered knowledge of Poisonous Vapours by Vehumet.
 12195 | D:9      | Reached skill level 10 in Air Magic
 12195 | D:9      | Reached XP level 11. HP: 54/60 MP: 5/23
 12513 | D:10     | Entered Level 10 of the Dungeon
 12556 | D:10     | Noticed a two-headed ogre
 12766 | D:10     | Offered knowledge of Stone Arrow by Vehumet.
 12926 | D:10     | Reached *** piety under Vehumet
 13129 | D:10     | Found a blossoming altar of Fedhas.
 13171 | D:10     | Noticed Grum
 13182 | D:10     | Killed Grum
 13354 | D:10     | Offered knowledge of Frozen Ramparts by Vehumet.
 13506 | D:10     | Found a staircase to the Orcish Mines.
 13769 | D:10     | Killed a two-headed ogre
 14049 | D:11     | Noticed a +0 hand axe
 14050 | D:11     | Noticed a +0 hand axe
 14051 | D:11     | Found a hide-covered altar of Uskayaw.
 14089 | D:11     | Killed from afar by a guardian serpent

Illustrated notes

Levels and vault maps discovered:
D:1:      lemuel_arrival_room, layout_rooms, hellmonk_ecumenical_altar_run_dry,
          minmay_parallelograms
D:2:      layout_loops_corners, serial_glass, glass_columns_a, glass_columns_c,
          chequers_arboretum, uniq_terence, uniq_crazy_yiuf_cottage
D:3:      layout_basic, nicolae_dithmenos_the_darkroom, okawaru_trees_1
D:4:      layout_gridville, minmay_temple_entry_butterflies, serial_shops,
          nicolae_shop_crystal
D:5:      layout_rooms, minmay_tree_intersection, kennysheep_path_1
D:6:      layout_rooms, trog_wizard, mainiacjoe_overflow_two_lobes,
          minmay_divided_ellipse
D:7:      layout_loops_ring, mainiacjoe_overflow_alcove_2, st_stairs_11
D:8:      layout_loops_cross, kennysheep_mini_moat, lair_entry_dummy,
          serial_shops, shop, uniq_maggie
D:9:      layout_irregular_city, lemuel_crystal_altar, kennysheep_small_spiral,
          uniq_pikel
D:10:     layout_cave_pools, lemuel_round_altar, minmay_orc_entry_guard_dogs,
          serial_undead, serial_undead_f, serial_undead_c, serial_undead_e,
          serial_undead_e, serial_undead_c, serial_undead_e,
          minmay_misc_feat_rugged, uniq_grum
D:11:     nrook_guardian_serpent_snake_passage, layout_loops_ring,
          dancing_weapons_uskayaw
Temple:   nicolae_temple_figure_eight

Skill      XL: |  1  2  3  4  5  6  7  8  9 10 11 |
---------------+----------------------------------+-----
Conjurations   | 2 3 4 6 7 9 |  9.8
Air Magic      | 5 6 7 8 9 10 | 10.8
Spellcasting   | 3 4 5 7 8 |  8.9
Polearms       | 1 2 3 4 7 8 |  8.4
Dodging        | 3 4 5 |  5.9
Fighting       | 1 3 4 |  4.2
Stealth        | 3 4 |  4.0
Armour         | 2 |  2.9
Fire Magic     | 1 2 |  2.5

Action                   |  1- 3 |  4- 6 |  7- 9 | 10-12 || total
-------------------------+-------+-------+-------+-------++-------
Melee: Unarmed           |     4 |       |       |       ||     4
       Kick              |     4 |     9 |    30 |    35 ||    78
       Spear             |     7 |    38 |    33 |       ||    78
       Peck              |       |     3 |    19 |    22 ||    44
       Trident           |       |       |   110 |     5 ||   115
       Glaive            |       |       |       |   165 ||   165
 Cast: Shock             |    65 |    99 |   147 |    85 ||   396
       Static Discharge  |       |     4 |    61 |    20 ||    85
       Airstrike         |       |       |     7 |    19 ||    26
       Sticky Flame      |       |       |       |    21 ||    21
       Foxfire           |       |       |       |     8 ||     8
       Conjure Flame     |       |       |       |    11 ||    11
  Use: Scroll            |       |     6 |     2 |     9 ||    17
       Potion            |       |       |     2 |       ||     2
 Stab: Sleeping          |       |     2 |     1 |     2 ||     5
Armor: Robe              |     1 |    10 |    16 |       ||    27
       Leather armour    |       |       |    32 |       ||    32
       Steam dragon scal |       |       |     3 |    55 ||    58
Dodge: Dodged            |     7 |    28 |   149 |   187 ||   371
